 Dungeon Crawl Stone Soup version 0.29.1-1-gd02db6906a (webtiles) character file.

Game seed: 16780782794104036782

1044 croobank the Caller (level 8, -2/54 HPs)
             Began as an Octopode Summoner on Oct 19, 2022.
             Was an Initiate of Gozag.
             Slain by a gnoll sergeant
             ... wielding a +7 spear of venom
              (13 damage)
             ... on level 5 of the Dungeon.
             The game lasted 00:16:58 (6848 turns).

croobank the Caller (Octopode Summoner)             Turns: 6848, Time: 00:16:59

Health: -2/54      AC:  1    Str:  7    XL:     8   Next: 25%
Magic:  6/14       EV: 14    Int: 19    God:    Gozag
Gold:   185        SH:  0    Dex: 13    Spells: 6/15 levels left

rFire   + . .      SeeInvis +   k - +1 dagger "Vemime Bas" {vorpal, rF+ SInv}
rCold   . . .      Faith    .   (no shield)
rNeg    . . .      Spirit   .   (helmet restricted)
rPois   .          Reflect  .   (no amulet)
rElec   .          Harm     .   (no ring)
rCorr   .          Rampage  .   (no ring)
Will    .....                   (no ring)
Stlth   ++++......              (no ring)
HPRegen 0.18/turn               (no ring)
MPRegen 0.14/turn               (no ring)
                                (no ring)
                                (no ring)

@: lethally poisoned (-2 -> -11)
A: almost no armour, amphibious, 8 rings, camouflage 1, gelatinous body 1,
(nimble swimmer 1), tentacles
a: Renounce Religion, Potion Petition, Call Merchant, Bribe Branch


You were on level 5 of the Dungeon.
You worshipped Gozag.
Gozag was aware of your devotion.
You visited 2 branches of the dungeon, and saw 6 of its levels.

You collected 212 gold pieces.
You paid 27 gold pieces to Gozag.

Inventory:

Hand Weapons
 h - a +2 dagger of venom
 k - the +1 dagger "Vemime Bas" (weapon) {vorpal, rF+ SInv}
   (You found it on level 2 of the Dungeon)

   It inflicts extra damage upon your enemies.
   rF:        It protects you from fire.
   SInv:      It lets you see invisible.
Jewellery
 g - a ring of wizardry
Wands
 n - a wand of flame (28)
Scrolls
 a - a scroll of identify
 b - a scroll of noise {unknown}
 c - a scroll of vulnerability {unknown}
 i - 3 scrolls of enchant armour {unknown}
 l - 2 scrolls of fog {unknown}
 o - 3 scrolls of teleportation {unknown}
 p - a scroll of torment {unknown}
Potions
 d - 2 potions of curing
 e - a potion of attraction {unknown}
 f - 3 potions of haste
 m - 2 potions of ambrosia


   Skills:
 + Level 3.7 Fighting
 + Level 4.4 Dodging
 - Level 5.0 Stealth
 + Level 4.2 Spellcasting
 + Level 3.1 Hexes
 + Level 5.7 Summonings


You had 6 spell levels left.
You knew the following spells:

 Your Spells              Type           Power      Damage    Failure   Level
a - Summon Small Mammal   Summ           100%       N/A       1%          1
b - Call Imp              Summ           25%        N/A       1%          2
c - Call Canine Familiar  Summ           25%        N/A       3%          3
d - Summon Guardian Gole  Hex/Summ       20%        N/A       7%          3

Your spell library contained the following spells:

 Spells                   Type           Power      Damage    Failure   Level
 Slow                     Hex            64%        N/A       3%          1
 Confusing Touch          Hex            16%        N/A       11%         3
 Sting                    Tmut/Pois      16%        1d3       14%         1
 Poisonous Vapours        Pois/Air       8%         N/A       21%         2
 Vampiric Draining        Necr           4%         2d6       38%         3
 Summon Lightning Spire   Summ/Air       14%        N/A       38%         4
 Summon Forest            Summ/Tloc      7%         N/A       75%         5
 Olgreb's Toxic Radiance  Pois           4%         N/A       80%         4
 Yara's Violent Unravell  Hex/Tmut       5%         3d4       89%         5
 Eringya's Noxious Bog    Tmut/Pois      2%         N/A       100%        6
 Enfeeble                 Hex            8%         N/A       100%        7
 Summon Hydra             Summ           12%        N/A       100%        7


Dungeon Overview and Level Annotations

Branches:
Dungeon (5/15)             Temple (1/1) D:4

Altars:
Ashenzari
Cheibriados
Dithmenos
Elyvilon
Fedhas
Gozag
Hepliaklqana
Kikubaaqudgha
Nemelex Xobeh
Okawaru
Qazlal
Ru
Sif Muna
Uskayaw
Vehumet
Wu Jian
Xom
Yredelemnul
The Shining One

Annotations:
D:4 2 runed translucent doors, Anandil's ghost, amateur DsCj


Innate Abilities, Weirdness & Mutations

You cannot wear most types of armour.
You are amphibious.
You can wear up to eight rings at the same time.
Your skin changes colour to match your surroundings (Stealth+).
Your rubbery body absorbs attacks. (AC +1, EV +1)
((You are camouflaged when in or above water. (Stealth+)))
You have tentacles for arms and can constrict up to eight enemies at once.


Message History

The gnoll sergeant hits your hound with a +7 spear of venom!
Your hound is poisoned.
Things that are here:
5 gold pieces; a +0 whip
Found a stone staircase leading down.
Your hound closely misses the gnoll sergeant.
Your hound bites the gnoll sergeant but does no damage.
Your hound bites the gnoll sergeant but does no damage.
Your hound barely misses the gnoll sergeant.
The gnoll sergeant is distracted by your dazzling golden aura.
The gnoll sergeant shouts!
Your hound bites the gnoll sergeant.
The gnoll sergeant is no longer distracted by gold.
The gnoll sergeant hits your guardian golem with a +7 spear of venom.
Your hound completely misses the gnoll sergeant.
Your hound bites the gnoll sergeant but does no damage.
The gnoll sergeant hits your guardian golem with a +7 spear of venom!
Your hound bites the gnoll sergeant but does no damage.
The gnoll sergeant hits your guardian golem with a +7 spear of venom!
Your guardian golem is destroyed!
Your guardian golem disappears in a puff of smoke!
Your hound bites the gnoll sergeant.
Your hound bites the gnoll sergeant but does no damage.
The gnoll sergeant closely misses your hound.
Your hound misses the gnoll sergeant.
Casting: Summon Guardian Golem (dangerous; 7% risk of failure)
Confirm with . or Enter, or press ? or * to list all spells.
A guardian golem appears, shielding your allies.
Your hound barely misses the gnoll sergeant. x2
The gnoll sergeant hits you from afar with a +7 spear of venom!
You are poisoned.
* * * LOW HITPOINT WARNING * * *
You feel very sick.
Your hound barely misses the gnoll sergeant.
* * * LOW HITPOINT WARNING * * *
You feel very sick.
Your hound bites the gnoll sergeant but does no damage.
The gnoll sergeant hits you from afar with a +7 spear of venom!
You die...
Your body crumbles into a pile of gold.

... #. #....###.........
...##.# #....####....##..
....#..###....#......#...
........<..[.....#####'##
##....$.........##....##
..................#.88.##
.....#.......###..#.88.#.
.......$..gh(####.#....'.
........@..9......#######
......##..........# ##.o.
..................# #.###
.................# #§###
.>......##.......# #o##.
. ................ #h##o
......# ....... ##J°#
......## .... #99# ####


You could see a gnoll sergeant (ally target), a friendly guardian golem
(summoned) and a friendly hound (summoned, sheltered, poisoned).

Vanquished Creatures
  Grinder (D:4)
  An ogre (D:5)
  A hound (D:5)
  3 gnolls
  An ufetubus (D:5)
  4 orcs
  3 endoplasms
  2 hobgoblins
  A ball python (D:2)
  A frilled lizard (D:1)
  A kobold (D:4)
  A rat (D:1)
20 creatures vanquished.

Vanquished Creatures (collateral kills)
  A scorpion (D:5)
  2 hounds (D:5)
  An orc priest (D:3)
  An iguana (D:4)
  A gnoll bouda (D:3)
  5 gnolls
  3 adders
  An ufetubus (D:4)
  A worm (D:2)
  2 dart slugs
  5 orcs
  4 ball pythons (D:1)
  3 endoplasms
  2 giant cockroaches
  7 goblins
  3 hobgoblins
  8 jackals
  3 kobolds
  3 bats
  A frilled lizard (D:1)
  3 rats
60 creatures vanquished.

Vanquished Creatures (others)
  An orc warrior (D:5)
  An ogre (D:4)
  Blork the orc (D:5)
  A jelly (D:5)
  2 iguanas
  An ufetubus (D:5)
7 creatures vanquished.

Grand Total: 87 creatures vanquished

Notes
Turn   | Place    | Note
-------+----------+-------------------------------------------
     0 | D:1      | croobank the Octopode Summoner began the quest for the Orb.
     0 | D:1      | Reached XP level 1. HP: 11/11 MP: 3/3
    39 | D:1      | Reached XP level 2. HP: 17/17 MP: 1/5
    43 | D:1      | Learned a level 2 spell: Call Imp
  1354 | D:2      | Reached XP level 3. HP: 22/22 MP: 1/6
  1358 | D:2      | Learned a level 3 spell: Call Canine Familiar
  1745 | D:2      | Identified the +1 dagger "Vemime Bas" {vorpal, rF+ SInv}
  1756 | D:2      | Found a faded altar of an unknown god.
  2146 | D:2      | Reached skill level 1 in Fighting
  2493 | D:3      | Identified the +1 scale mail "Ziuloa" {rN++ Regen+ Str+4}
  2506 | D:3      | Reached XP level 4. HP: 28/28 MP: 1/7
  2819 | D:3      | Reached XP level 5. HP: 5/33 MP: 3/9
  3296 | D:2      | Learned a level 3 spell: Summon Guardian Golem
  3910 | D:4      | Noticed Grinder
  3947 | D:4      | Killed Grinder
  3948 | D:4      | Reached skill level 5 in Stealth
  3948 | D:4      | Reached skill level 1 in Hexes
  3948 | D:4      | Reached XP level 6. HP: 41/41 MP: 5/10
  4012 | D:4      | Reached skill level 5 in Summonings
  4012 | D:4      | Reached XP level 7. HP: 42/45 MP: 6/12
  4864 | D:4      | Found a large runed translucent door.
  4864 | D:4      | Found a large runed translucent door.
  4877 | D:4      | Noticed Anandil's ghost (amateur DsCj)
  4893 | D:4      | Found a staircase to the Ecumenical Temple.
  4902 | Temple   | Entered the Ecumenical Temple
  4936 | Temple   | Became a worshipper of Gozag Ym Sagoz the Greedy
  5373 | D:4      | Found a broken altar of Ashenzari.
  5377 | D:4      | Found a shadowy altar of Dithmenos.
  5789 | D:5      | Entered Level 5 of the Dungeon
  6252 | D:5      | Reached XP level 8. HP: 20/52 MP: 9/14
  6466 | D:5      | Noticed Blork the orc
  6480 | D:5      | Killed Blork the orc
  6544 | D:4      | Found a hazy altar of Hepliaklqana.
  6848 | D:5      | Slain by a gnoll sergeant

Illustrated notes

Levels and vault maps discovered:
D:1:      ncdulo_lavacross, layout_basic
D:2:      layout_loops_corners, dreamdust_ecumenical_altar_grove
D:3:      layout_rooms
D:4:      layout_layer_cave, nicolae_overflow_hidden_temple,
          lemuel_temple_firewalk_b, ebering_ghost_disaster_area, uniq_grinder
D:5:      minmay_chambers_of_fours, layout_cave_pools, columned_hall_lemuel,
          grunt_decor_cap, uniq_blork_the_orc
Temple:   compressed_dpeg_triangle_lava_temple

Skill      XL: |  1  2  3  4  5  6  7  8 |
---------------+-------------------------+-----
Stealth        | 3 4 5 |  5.0
Fighting       | 1 2 3 |  3.7
Dodging        | 3 4 |  4.4
Spellcasting   | 3 4 |  4.2
Hexes          | 1 2 3 |  3.1
Summonings     | 5 |  5.7

Action                   |  1- 3 |  4- 6 |  7- 9 || total
-------------------------+-------+-------+-------++-------
Melee: Unarmed           |     6 |       |       ||     6
       Constrict         |     4 |     8 |     3 ||    15
       Tentacles         |     3 |     3 |     3 ||     9
       Punch             |     1 |       |       ||     1
       Dagger            |     7 |    18 |    17 ||    42
 Cast: Summon Small Mamm |    32 |    23 |    16 ||    71
       Call Imp          |    15 |     8 |     4 ||    27
       Call Canine Famil |     4 |     9 |    17 ||    30
       Summon Guardian G |       |     3 |    12 ||    15
Evoke: Wand              |       |     6 |       ||     6
  Use: Scroll            |       |       |     4 ||     4
       Potion            |       |       |     1 ||     1
 Stab: Sleeping          |     1 |       |     2 ||     3
Dodge: Dodged            |     8 |    18 |    26 ||    52
